 Dungeon Crawl Stone Soup version 0.28-a0-1616-g050a50673c (webtiles) character file.

Game seed: 17108753639961941929

2343 bjtr the Ogre Mage (level 9, 0/80 HPs)
             Began as an Ogre Fire Elementalist on Jan 22, 2022.
             Killed from afar by an electric eel (7 damage)
             ... with a bolt of electricity
             ... on level 7 of the Dungeon on Jan 23, 2022.
             The game lasted 00:24:12 (6741 turns).

bjtr the Ogre Mage (Ogre Fire Elementalist)         Turns: 6741, Time: 00:24:12

Health: 0/80       AC:  7    Str: 14    XL:     9   Next: 43%
Magic:  6/21       EV:  8    Int: 25    God:
Gold:   263        SH:  6    Dex:  9    Spells: 11/25 levels left

rFire   . . .      SeeInvis .   j - +6 hand axe of the Silent Majority {spect, Int+3}
rCold   . . .      Faith    .   H - +0 kite shield
rNeg    . . .      Spirit   .   a - +0 robe
rPois   +          Reflect  .   (helmet restricted)
rElec   .          Harm     .   (no cloak)
rCorr   .          Rampage  .   (gloves unavailable)
Will    .....                   (boots unavailable)
Stlth   +.........              B - amulet of Sysk {Acrobat Int+2}
HPRegen 0.23/turn               F - ring of poison resistance
MPRegen 0.17/turn               r - +4 ring of protection

@: no status effects
A: large, unfitting armour, tough skin 1
a: no special abilities


You were on level 7 of the Dungeon.
You visited 1 branch of the dungeon, and saw 7 of its levels.

You collected 263 gold pieces.

Inventory:

Hand Weapons
 c - a +0 dagger
 d - a +0 hand axe
 j - the +6 hand axe of the Silent Majority (weapon) {spect, Int+3}
   (You found it on level 2 of the Dungeon)

   When its wielder attacks, the weapon's spirit leaps out and strikes again.
   The spirit shares a part of any damage it takes with its wielder.
   Int:       It affects your intelligence (+3).
 l - a +0 hunting sling
 v - a +1 giant club of flaming
 C - a +0 quarterstaff
 I - a +0 lajatang
Missiles
 e - 5 atropa-tipped darts (quivered)
 i - 220 stones
 n - 66 bolts
 p - 19 sling bullets
Armour
 a - a +0 robe (worn)
 H - a +0 kite shield (worn)
Jewellery
 b - a ring of protection from cold
 k - a ring of wizardry
 r - a +4 ring of protection (right hand)
 z - an amulet of faith
 A - an amulet of regeneration
 B - the amulet of Sysk (around neck) {Acrobat Int+2}
   (You found it on level 4 of the Dungeon)

   [amulet of the acrobat]

   It increases your evasion while moving and waiting.
   Int:       It affects your intelligence (+2).
 E - a ring of flight
 F - a ring of poison resistance (left hand)
Wands
 x - a wand of polymorph (4)
Scrolls
 s - a scroll of blinking
 t - 3 scrolls of teleportation
 y - 2 scrolls of enchant weapon
Potions
 f - 5 potions of curing
 g - 2 potions of lignification
 h - a potion of might
 m - 2 potions of ambrosia
 o - 2 potions of flight {unknown}
 q - 2 potions of degeneration {unknown}
 u - 5 potions of mutation {unknown}
 w - 3 potions of heal wounds {unknown}
 G - a potion of attraction {unknown}
 J - a potion of magic {unknown}


   Skills:
 + Level 2.8 Fighting
 + Level 4.3 Axes
 + Level 3.1 Dodging
 - Level 1.4 Stealth
 * Level 0.3 Shields
 + Level 8.6 Spellcasting
 + Level 2.1 Conjurations
 + Level 7.2 Fire Magic


You had 11 spell levels left.
You knew the following spells:

 Your Spells              Type           Power      Damage    Failure   Level
a - Foxfire               Conj/Fire      100%       2x1d9     2%          1
b - Scorch                Fire           94%        2d9       1%          2
c - Slow                  Hex            40%        N/A       16%         1
d - Conjure Flame         Conj/Fire      34%        6-21      6%          3
e - Inner Flame           Hex/Fire       28%        N/A       10%         3
f - Flame Wave            Conj/Fire      34%        2d8       22%         4

Your spell library contained the following spells:

 Spells                   Type           Power      Damage    Failure   Level
 Confusing Touch          Hex            10%        N/A       41%         3
 Frozen Ramparts          Ice            20%        1d4       41%         3
 Vampiric Draining        Necr           10%        2d6       41%         3
 Ice Form                 Ice/Tmut       10%        N/A       83%         4
 Summon Ice Beast         Ice/Summ       10%        N/A       83%         4


Dungeon Overview and Level Annotations

Branches:
Dungeon (6/15)
 Temple: D:4-7

Altars:
Ashenzari
Ru
Wu Jian
Yredelemnul


Innate Abilities, Weirdness & Mutations

You are too large for most types of armour.
You have tough skin. (AC +1)


Message History

* * * LOW HITPOINT WARNING * * *
Aiming: Mindburst
Press: ? - help, Shift-Dir - straight line, f/p - orc warrior
Aim: an orc warrior, wielding a +0 glaive, wearing a +0 chain mail and quivering boomerangs (lightly wounded, chance to affect: 64%)
The orc warrior's mind is blasted!
The orc warrior throws a boomerang.
The boomerang barely misses you.
Unknown command.
Aiming: Mindburst
Press: ? - help, Shift-Dir - straight line, f/p - orc warrior
Aim: an orc warrior, wielding a +0 glaive, wearing a +0 chain mail and quivering boomerangs (moderately wounded, chance to affect: 64%)
The orc warrior struggles to resist.
The now-empty wand crumbles to dust.
Okay, then.
Found a puce potion.
w - 3 puce potions (gained 1)
There are no items here.
Casting: Scorch (safe; 1% risk of failure)
Confirm with . or Enter, or press ? or * to list all spells.
The fire begins to smoulder!
The fire ignites!
The orc warrior throws a boomerang.
The boomerang misses you.
Found a broken altar of Ashenzari.
Found a bronze ring.
The orc warrior throws a boomerang.
The boomerang completely misses you.
The orc warrior throws a boomerang.
The boomerang hits you!
* * * LOW HITPOINT WARNING * * *
k - a ring of wizardry
There are no items here.
Found an escape hatch in the floor.
Found 13 arrows.
An electric eel comes into view.
The electric eel shoots out a bolt of lightning at you!
The bolt of electricity hits you!
* * * LOW HITPOINT WARNING * * *
The electric eel shoots out a bolt of lightning at you!
The bolt of electricity hits you.
* * * LOW HITPOINT WARNING * * *
There is an escape hatch in the floor here.
The electric eel shoots out a bolt of lightning at you!
The bolt of electricity hits you!
You die...

...........#^####..#
≈≈≈≈..#....(..o# #....#
≈≈≈≈≈ #....(...# #.##.#
≈≈≈P≈.#........#.##.##.#
≈≈≈≈≈.#.#.##...#...o...#
≈≈≈≈..#.....)..####.####
≈≈≈≈....#......# #.#
≈≈≈P...#####.### #.#
≈≈≈≈.≈.@......# #.#
≈≈≈≈≈.........## #.#
≈≈≈≈≈≈..#..##..####.#
≈≈S≈.≈..............#
≈≈≈≈....#......o..###
.≈≈≈........#####...#
.P≈≈P.....###...###....
P≈≈≈≈..#.##.#._.#.##....
≈≈≈...#.#..#...#..#....


You could see an electric eel.

Vanquished Creatures
  Menkaure (D:4)
  The ghost of hashsling the Magician, an amateur DEFE (D:4)
  A black bear (D:6)
  A sky beast (D:3)
  3 necrophages
  3 ice beasts
  4 ogres
  A centaur (D:7)
  2 phantoms
  2 scorpions (D:5)
  A water moccasin skeleton (D:4)
  3 jellies (D:5)
  A bullfrog zombie (D:5)
  A hound (D:4)
  6 orc priests
  2 iguanas
  6 orc wizards
  2 hound skeletons
  2 adders
  A shadow imp (D:7)
  A worm (D:3)
  An adder skeleton (D:4)
  2 dart slugs
  15 orcs
  7 ball pythons
  6 bats
  8 endoplasms
  3 giant cockroaches
  13 goblins
  6 hobgoblins
  3 jackals (D:2)
  4 quokkas
  2 frilled lizards
  6 kobolds
  6 rats
127 creatures vanquished.

Vanquished Creatures (others)
  104 foxfires
104 creatures vanquished.

Grand Total: 231 creatures vanquished

Notes
Turn   | Place    | Note
-------+----------+-------------------------------------------
     0 | D:1      | bjtr the Ogre Fire Elementalist began the quest for the
                  | Orb.
     0 | D:1      | Reached XP level 1. HP: 16/16 MP: 3/3
   139 | D:1      | Reached XP level 2. HP: 24/24 MP: 0/5
   142 | D:1      | Learned a level 2 spell: Scorch
   731 | D:1      | Reached XP level 3. HP: 31/31 MP: 7/7
   741 | D:1      | Reached skill level 3 in Spellcasting
   743 | D:1      | Reached skill level 1 in Conjurations
  1129 | D:2      | Identified the +6 hand axe of the Silent Majority {spect,
                  | Int+3}
  1216 | D:2      | Learned a level 1 spell: Slow
  1864 | D:3      | Reached XP level 4. HP: 39/39 MP: 0/9
  2200 | D:3      | Found a faded altar of an unknown god.
  2674 | D:3      | Noticed a sky beast
  2679 | D:3      | Killed a sky beast
  2680 | D:3      | Reached skill level 1 in Axes
  2680 | D:3      | Reached skill level 4 in Spellcasting
  2680 | D:3      | Reached XP level 5. HP: 37/46 MP: 1/11
  2928 | D:4      | Noticed an ogre
  2930 | D:4      | Noticed an ogre
  2934 | D:4      | Killed an ogre
  2935 | D:4      | Reached skill level 1 in Fighting
  2935 | D:4      | Reached XP level 6. HP: 40/55 MP: 4/12
  3107 | D:4      | Noticed Menkaure
  3110 | D:4      | Killed Menkaure
  3111 | D:4      | Reached skill level 5 in Spellcasting
  3111 | D:4      | Reached XP level 7. HP: 62/62 MP: 9/14
  3115 | D:4      | Learned a level 3 spell: Conjure Flame
  3119 | D:4      | Learned a level 3 spell: Inner Flame
  3124 | D:4      | Learned a level 4 spell: Flame Wave
  3218 | D:4      | Found a runed translucent door.
  3218 | D:4      | Noticed hashsling's ghost (amateur DEFE)
  3391 | D:4      | Reached skill level 5 in Fire Magic
  3550 | D:4      | Found a sacrificial altar of Ru.
  3806 | D:4      | Identified the amulet of Sysk {Acrobat Int+2}
  4127 | D:4      | Killed hashsling's ghost
  4227 | D:5      | Entered Level 5 of the Dungeon
  4271 | D:5      | Reached skill level 6 in Spellcasting
  4282 | D:5      | Reached XP level 8. HP: 74/74 MP: 8/17
  4782 | D:5      | Reached skill level 7 in Spellcasting
  5294 | D:5      | Found a basalt altar of Yredelemnul.
  5306 | D:5      | Reached XP level 9. HP: 80/80 MP: 20/20
  5882 | D:5      | Found an ornate altar of the Wu Jian Council.
  6031 | D:5      | Upgraded the game from 0.28-a0-1613-gdaab1c2f9b to
                  | 0.28-a0-1616-g050a50673c
  6092 | D:6      | Reached skill level 8 in Spellcasting
  6664 | D:6      | You fall into a shaft and drop 1 floor!
  6726 | D:7      | Found a broken altar of Ashenzari.
  6741 | D:7      | Killed from afar by an electric eel

Illustrated notes

Levels and vault maps discovered:
D:1:      psy_arrival_statuary, layout_rooms
D:2:      layout_basic
D:3:      layout_loops_ring, shapermc_ecumenical_altar_venn,
          kennysheep_cross_room, kennysheep_cross_bottleneck
D:4:      kennysheep_the_goblin_king, layout_loops_ring, general_overflow_altar,
          gammafunk_ghost_grave, uniq_menkaure
D:5:      layout_basic, pdpol_wu_jian_five_deadly_venoms, old_standard_altar,
          minmay_misc_feat_hallway, mrwooster_statue_mirror,
          kennysheep_generic_room_8
D:6:      layout_loops_corners
D:7:      layout_loops_cross, mainiacjoe_overflow_concentric_impassable,
          nicolae_ashenzari_skybound, minmay_temple_entry_glass,
          gammafunk_ghost_smash, chequers_big_river

Skill      XL: |  1  2  3  4  5  6  7  8  9 |
---------------+----------------------------+-----
Fire Magic     | 3 4 5 6 7 |  7.2
Dodging        | 2 3 |  3.1
Spellcasting   | 3 4 5 6 7 8 |  8.6
Conjurations   | 1 2 |  2.1
Axes           | 1 2 3 4 |  4.3
Fighting       | 1 2 |  2.8
Stealth        | |  1.4
Shields        | |  0.3

Action                   |  1- 3 |  4- 6 |  7- 9 || total
-------------------------+-------+-------+-------++-------
Melee: Unarmed           |     1 |       |       ||     1
       Dagger            |     6 |       |       ||     6
       Hand axe          |    22 |     6 |    61 ||    89
       Punch             |     1 |       |     1 ||     2
Throw: Javelin           |       |       |     4 ||     4
 Cast: Foxfire           |    44 |     6 |     8 ||    58
       Scorch            |     6 |    19 |    62 ||    87
       Conjure Flame     |       |       |     5 ||     5
Evoke: Wand              |       |       |     2 ||     2
  Use: Scroll            |     3 |     1 |     6 ||    10
 Stab: Sleeping          |     2 |       |       ||     2
       Distracted        |       |       |     1 ||     1
Armor: Robe              |    11 |       |    20 ||    31
Dodge: Dodged            |    21 |     1 |    51 ||    73
Block: Kite shield       |       |       |     2 ||     2

Table legend: (Time is in decaauts)
 A = Elapsed time spent in this place.
 B = Non-inter-level travel time spent in this place.
 C = Inter-level travel time spent in this place.
 D = Time resting spent in this place.
 E = Time spent auto-exploring this place.
 F = Levels seen in this place.
 G = Mean time per level.
                   A        B        C        D        E       F      G
               +--------+--------+--------+--------+--------+-----+--------+
         Total |   6757 |   6598 |    159 |   1066 |   4569 |   7 |  965.3 |
       Dungeon |   6757 |   6598 |    159 |   1066 |   4569 |   7 |  965.3 |
               +--------+--------+--------+--------+--------+-----+--------+

Top non-repeatable levels by time:
     D:5: 1808 daAuts
     D:4: 1313 daAuts
     D:3: 1066 daAuts
     D:1: 941 daAuts
     D:2: 917 daAuts
     D:6: 630 daAuts
     D:7: 79 daAuts
